 Dungeon Crawl Stone Soup version 0.32-a0-999-gfa1cc04b1d (webtiles) character file.

Game seed: 643035108949960588

709 DrKenneth the Covered (level 7, -13/63 HPs)
             Began as a Minotaur Fighter on Apr 25, 2024.
             Was an Initiate of Makhleb.
             Engulfed by a cloud of freezing vapour (17 damage)
             ... on level 5 of the Dungeon.
             The game lasted 00:09:25 (3749 turns).

DrKenneth the Covered (Minotaur Fighter)            Turns: 3749, Time: 00:09:25

Health: -13/63     AC:  9    Str: 22    XL:     7   Next: 40%
Magic:  6/6        EV:  8    Int:  5    God:    Makhleb [......]
Gold:   242        SH:  5    Dex: 10    Spells: 6/6 levels left

rFire   . . .        a - +0 war axe
rCold   . . .        c - +0 buckler
rNeg    . . .        b - +0 scale mail
rPois   +            (helmet restricted)
rElec   .            (no cloak)
rCorr   .            l - +1 pair of gloves
SInv    .            (no boots)
Will    .....        (no amulet) Stlth
                     m - ring of poison resistance
HPRegen 0.30/turn    (no ring)
MPRegen 0.10/turn

%: no passive effects
@: no status effects
A: horns 2, retaliatory headbutt
a: Renounce Religion


You were on level 5 of the Dungeon.
You worshipped Makhleb.
Makhleb was noncommittal.
You visited 2 branches of the dungeon, and saw 6 of its levels.

You collected 242 gold pieces.

Inventory:

Hand Weapons
 a - a +0 war axe (weapon)
Armour
 b - a +0 scale mail (worn)
 c - a +0 buckler (worn)
 l - a +1 pair of gloves (worn)
Jewellery
 m - a ring of poison resistance (left hand)
Scrolls
 e - 2 scrolls of identify
 h - a scroll of silence {unknown}
 i - 4 scrolls of teleportation
 o - a scroll of poison {unknown}
 s - a scroll of immolation {unknown}
Potions
 d - a potion of might
 g - a potion of magic
 j - 4 potions of curing {unknown}
 k - a potion of mutation {unknown}
 n - 2 potions of cancellation {unknown}
 p - a potion of haste {unknown}
 q - a potion of heal wounds {unknown}
 r - a potion of lignification {unknown}


   Skills:
 + Level 6.1 Fighting
 + Level 5.3 Axes
 + Level 6.1 Armour
 + Level 6.1 Shields


You had 6 spell levels left.
You didn't know any spells.
Your spell library contained the following spells:

 Spells                   Type           Power      Damage    Failure   Level
 Frozen Ramparts          Ice            0%         1d1       99%         3
 Hailstorm                Conj/Ice       0%         3d5       99%         3
 Ozocubu's Armour         Ice            0%         N/A       99%         3
 Summon Ice Beast         Ice/Summ       0%         N/A       99%         3
 Metabolic Englaciation   Hex/Ice        0%         N/A       100%        5
 Permafrost Eruption      Ice/Erth       0%         2x4d1     100%        6
 Sculpt Simulacrum        Ice/Alch       0%         N/A       100%        6


Dungeon Overview and Level Annotations

Branches:
Dungeon (5/15)             Temple (1/1) D:4

Altars:
Ashenzari
Cheibriados
Elyvilon
Fedhas
Kikubaaqudgha
Makhleb
Nemelex Xobeh
Okawaru
Qazlal
Ru
Sif Muna
Trog
Uskayaw
Vehumet
Wu Jian
Zin
The Shining One

Shops:
D:4 ?   D:5 :


Innate Abilities, Weirdness & Mutations

You have a pair of horns on your head.
You reflexively headbutt those who attack you in melee.


Message History

There is an open door here.
Found Xakan's Tiny Tomes.
Unknown command.
No target in view!
There is an entrance to Xakan's Tiny Tomes here.
Found a snail-covered altar of Cheibriados.
Found a shimmering blue altar of Sif Muna.
Found a broken altar of Ashenzari and a stormy altar of Qazlal.
You open the door.
There is an open door here.
There is an open door here.
You enter the shallow water.
Moving in this stuff is going to be slow.
You see here a +0 ring mail.
You enter the shallow water.
Moving in this stuff is going to be slow.
There is an open door here.
There is an open door here.
You open the door.
There is an open door here.
Partly explored, can't reach some places.
Partly explored, can't reach some places.
You are engulfed in freezing vapours.
You are engulfed in freezing vapours.
You are engulfed in freezing vapours.
* * * LOW HITPOINT WARNING * * *
You are engulfed in freezing vapours.
* * * LOW HITPOINT WARNING * * *
What are your orders? t - Shout!
Orders for allies: a - Attack new target. r - Retreat! s - Stop attacking. g - Guard the area. f - Follow me.
Anything else - Cancel.
Okay, then.
Unknown command.
As you read the scroll labelled LUNWIU MOTORR, it crumbles to dust.
It is a scroll of amnesia.
You feel forgetful for a moment.
You are engulfed in freezing vapours.
You die...

##.........#
#.......###.....#.##
..########## #.......#
#_.#._#### #.#####
#.......# #######
#.....### #########
#####...#################
###.#################
#.#%$[$$☼☼☼☼☼☼☼°°°.
#.#################
#.#...°°°°@°°°☼☼☼☼§
#.##'##############
#....##############
######


There were no monsters in sight!

Vanquished Creatures
  Grinder (D:3)
  An ogre (D:5)
  2 phantoms
  A hound (D:4)
  A jelly (D:5)
  Natasha (thrice) (D:3)
  6 adders
  3 ribbon worms
  3 dart slugs
  7 orcs
  9 ball pythons
  5 bats
  7 endoplasms
  7 giant cockroaches
  7 goblins
  7 hobgoblins
  4 kobolds
  5 quokkas
  5 frilled lizards
  10 rats
94 creatures vanquished.

Notes
Turn   | Place    | Note
-------+----------+-------------------------------------------
     0 | D:1      | DrKenneth the Minotaur Fighter began the quest for the Orb.
     0 | D:1      | Reached XP level 1. HP: 19/19 MP: 0/0
   222 | D:1      | Reached XP level 2. HP: 27/27 MP: 1/1
   982 | D:2      | Reached XP level 3. HP: 29/33 MP: 2/2
  1375 | D:2      | Reached XP level 4. HP: 40/40 MP: 3/3
  1440 | D:2      | Found a faded altar of an unknown god.
  1712 | D:3      | Noticed Grinder
  1716 | D:3      | Paralysed by Grinder for 4 turns
  1728 | D:3      | Paralysed by Grinder for 3 turns
  1731 | D:3      | Killed Grinder
  1732 | D:3      | Reached skill level 5 in Fighting
  1732 | D:3      | Reached skill level 5 in Armour
  1732 | D:3      | Reached skill level 5 in Shields
  1732 | D:3      | Reached XP level 5. HP: 7/48 MP: 4/4
  1732 | D:3      | Reached XP level 6. HP: 8/56 MP: 5/5
  1920 | D:3      | Noticed Natasha
  1928 | D:3      | Killed Natasha
  2077 | D:3      | Noticed Natasha
  2086 | D:3      | Killed Natasha
  2261 | D:3      | Found a sparkling altar of Nemelex Xobeh.
  2416 | D:3      | Noticed Natasha
  2420 | D:3      | Killed Natasha
  2563 | D:4      | Found a staircase to the Ecumenical Temple.
  2570 | Temple   | Entered the Ecumenical Temple
  2576 | Temple   | Became a worshipper of Makhleb the Destroyer
  2700 | D:4      | Found Ixkumax's Magic Scroll Boutique.
  2863 | D:4      | Reached XP level 7. HP: 53/62 MP: 6/6
  3091 | D:5      | Entered Level 5 of the Dungeon
  3243 | D:5      | Reached skill level 5 in Axes
  3534 | D:5      | Found Xakan's Tiny Tomes.
  3549 | D:5      | Found a snail-covered altar of Cheibriados.
  3550 | D:5      | Found a shimmering blue altar of Sif Muna.
  3551 | D:5      | Found a broken altar of Ashenzari.
  3551 | D:5      | Found a stormy altar of Qazlal.
  3749 | D:5      | Engulfed by a cloud of freezing vapour

Illustrated notes

Levels and vault maps discovered:
D:1:      zaba_arrival_water, layout_basic, minmay_misc_feat_tower,
          hangedman_abyss_or_decor_stabs, fountainhead, hex_medium
D:2:      layout_loops_cross, shapermc_ecumenical_altar_acropolis,
          minmay_diced_spiral
D:3:      layout_basic, nemelex_dance_club_becter, minmay_cupped, uniq_grinder,
          uniq_natasha
D:4:      layout_gridville, minmay_temple_entry_ruins, serial_shops,
          nicolae_diamond_shop
D:5:      lemuel_ice_spiral_2, layout_basic, mainiacjoe_overflow_alcove_3,
          minivault_1, chequers_serial_rivers_micro_c,
          nicolae_shop_i_like_small_books_too,
          hangedman_abyss_or_decor_lesser_grid
Temple:   hellmonk_temple_two_chambers

Skill      XL: |  1  2  3  4  5  6  7 |
---------------+----------------------+-----
Armour         | 4 5 6 |  6.1
Fighting       | 4 5 6 |  6.1
Shields        | 4 5 6 |  6.1
Axes           | 3 4 5 |  5.3

Action                     |  1- 3 |  4- 6 |  7- 9 || total
---------------------------+-------+-------+-------++-------
  Melee: War axe           |    71 |   111 |    17 ||   199
         Headbutt          |    10 |    16 |     4 ||    30
    Use: Scroll            |       |       |     3 ||     3
 Armour: Scale mail        |    80 |    91 |    17 ||   188
  Dodge: Dodged            |    21 |    53 |     8 ||    82
  Block: Buckler           |    14 |    34 |       ||    48

Table legend: (Time is in decaauts)
 A = Elapsed time spent in this place.
 B = Non-inter-level travel time spent in this place.
 C = Inter-level travel time spent in this place.
 D = Time resting spent in this place.
 E = Time spent auto-exploring this place.
 F = Levels seen in this place.
 G = Mean time per level.
                   A        B        C        D        E       F      G
               +--------+--------+--------+--------+--------+-----+--------+
         Total |   3830 |   3606 |    224 |    144 |   2791 |   6 |  638.3 |
       Dungeon |   3817 |   3603 |    214 |    144 |   2791 |   5 |  763.4 |
        Temple |     12 |      2 |     10 |      0 |      0 |   1 |   12.0 |
               +--------+--------+--------+--------+--------+-----+--------+

Top non-repeatable levels by time:
     D:1: 999 daAuts
     D:3: 904 daAuts
     D:5: 663 daAuts
     D:2: 626 daAuts
     D:4: 623 daAuts
  Temple: 12 daAuts
